 Dungeon Crawl Stone Soup version 0.14.0-12-g87ee3b7 (webtiles) character file.

352 HungrySpirit the Slasher (level 6, -6/47 HPs)
             Began as a Formicid Fighter on Apr 16, 2014.
             Mangled by HungrySpirit's ghost (16 damage)
             ... on Level 4 of the Dungeon.
             The game lasted 00:06:01 (3264 turns).

HungrySpirit the Slasher (Formicid Fighter)         Turns: 3264, Time: 00:06:01

HP  -6/47        AC  6     Str 27      XL: 6   Next: 24%
MP   8/8         EV  7     Int  8      God:
Gold 122         SH 20     Dex 10      Spells:  0 memorised,  5 levels left

rFire  + . .     SeeInvis +     a - +0 long sword
rCold  + . .     Clarity  .     b - +0 scale mail
rNeg   . . .     Conserve .     c - +0 shield
rPois  +         rCorr    .     (helmet unavailable)
rElec  +         rRot     .     (no cloak)
SustAb . .       Spirit   .     (no gloves)
rMut   .         Warding  .     (no boots)
Saprov . . .     Stasis   +     (no amulet)
MR     .....                    (no ring)
                                (no ring)

@: mighty, not resistant to hostile enchantments, extremely unstealthy
A: permanent stasis, dig shafts and tunnels, four strong arms, antennae 3
a: Dig, Shaft Self


You were on level 4 of the Dungeon.
You were not hungry.

You visited 1 branch of the dungeon, and saw 4 of its levels.

You collected 122 gold pieces.

Inventory:

Hand weapons
 a - a +0,+0 long sword (weapon)
Armour
 b - a +0 scale mail (worn)
 c - a +0 shield (worn)
Magical devices
 t - a wand of slowing (10)
Comestibles
 d - 2 bread rations
 g - a choko
 m - 2 pears
 q - a rambutan
 u - a rotting chunk of hobgoblin flesh
 v - 2 chunks of orc flesh
 x - a chunk of worker ant flesh
Scrolls
 h - a scroll of enchant weapon I {unknown}
 k - 2 scrolls of identify {unknown}
 n - 2 scrolls of noise {unknown}
 o - a scroll of magic mapping {unknown}
 p - a scroll of enchant weapon II {unknown}
 r - a scroll of blinking {unknown}
 s - a scroll of amnesia {unknown}
Jewellery
 l - a +3 ring of strength {unknown}


   Skills:
 - Level 3.2 Fighting
 + Level 6.1 Long Blades
 - Level 3.2 Armour
 - Level 3.6 Shields


You had 5 spell levels left.
You didn't know any spells.

Dungeon Overview and Level Annotations

Branches:
Dungeon (4/15)
 Temple: D:4-7

Altars:
Trog

Shops:
D:4 *

Annotations:
D:4 HungrySpirit's ghost, experienced FoFi


Innate Abilities, Weirdness & Mutations

Your are under a permanent stasis effect.
You can dig through walls and to a lower floor.
Your four strong arms can wield two-handed weapons with a shield.
You have a pair of large antennae on your head (SInv).


Message History

You feel refreshed.
It was a potion of restore abilities.
You block HungrySpirit's ghost's attack.
Drink which item? (? for menu, Esc to quit)
Magic courses through your body.
It was a potion of magic.
HungrySpirit's ghost grins evilly.
HungrySpirit's ghost hits you.
* * * LOW HITPOINT WARNING * * *
Drink which item? (? for menu, Esc to quit)
It has a very clean taste.
It was a potion of cure mutation.
You block HungrySpirit's ghost's attack.
Drink which item? (? for menu, Esc to quit)
You feel protected.
It was a potion of resistance.
HungrySpirit's ghost barely misses you.
You hit HungrySpirit's ghost.
HungrySpirit's ghost is heavily damaged.
HungrySpirit's ghost hits you but does no damage.
You slash HungrySpirit's ghost!
HungrySpirit's ghost is heavily damaged.
HungrySpirit's ghost hits you!
You die...

#p###..#.##...........
#.....................
##..#######..#.###...#.##...
............................
.#.########..#.#######.#.###
......................#
########.##.#######.###
#p##.# #.#
#@##.#######.#####
#.##..............
#.##########.##### #.. ###
#.# #.# #.# #.# #.#


You could see HungrySpirit's ghost.

Vanquished Creatures
  2 orc wizards (D:3)
  2 worker ants (D:4)
  5 adders
  2 worms
  A giant gecko (D:2)
  6 orcs
  7 hobgoblins
  A quokka (D:2)
  6 bats
  5 giant cockroaches
  A giant gecko skeleton (D:4)
  7 giant newts
  11 goblins
  6 kobolds
  9 rats
71 creatures vanquished.

Notes
Turn   | Place    | Note
--------------------------------------------------------------
     0 | D:1      | HungrySpirit, the Formicid Fighter, began the quest for the Orb.
     0 | D:1      | Reached XP level 1. HP: 18/18 MP: 1/1
   139 | D:1      | Reached XP level 2. HP: 24/24 MP: 3/3
   672 | D:2      | Reached XP level 3. HP: 13/29 MP: 4/4
  1127 | D:2      | Reached skill level 4 in Long Blades
  1127 | D:2      | Reached XP level 4. HP: 33/35 MP: 5/5
  1736 | D:3      | Reached XP level 5. HP: 21/41 MP: 7/7
  1927 | D:3      | Found a bloodstained altar of Trog.
  2188 | D:3      | Reached skill level 5 in Long Blades
  2780 | D:4      | Found Ceucutt's Assorted Antiques.
  3058 | D:3      | Reached XP level 6. HP: 35/47 MP: 8/8
  3204 | D:4      | Reached skill level 6 in Long Blades
  3239 | D:4      | Noticed HungrySpirit's ghost (experienced FoFi)
  3264 | D:4      | Mangled by HungrySpirit's ghost

Action                   |  1- 3 |  4- 6 || total
-------------------------+-------+-------++-------
Melee: Long sword        |    91 |   158 ||   249
Evoke: Wand              |       |     1 ||     1
  Use: Potion            |       |     6 ||     6
